Match 41520717
Unlisted

Match 41520717
End
Construct Barracks
Selects Armored Battlegroup
Selects Veteran Crews
1⁄4-ton 4x4 Truck
Engineer Squad
Riflemen Squad
M1 Mortar Team
Riflemen Squad
Construct Weapon Support Center
Bazooka Squad
Selects M31 Recovery Vehicle
Air Support Center
Bazooka Squad
P-47 Dive Bomb
M3 Armored Personnel Carrier
Selects Fast Deploy
Construct Medical Station
P-47 Strafing Run
M3 Armored Personnel Carrier
M3 Armored Personnel Carrier
M1 Mortar Team
เกมหมา
Marijke
Lord Grim
montique_mark
luc
Derp
FreeTheCats
Mael Radec
0
0

Comments sign in to comment!

No comments posted yet!